 Dungeon Crawl Stone Soup version 0.32-a0-643-ga006e7742e (webtiles) character file.

Game seed: 6383701359927749205

121 Malificent the Charlatan (level 5, 0/55 HPs)
             Began as a Coglin Artificer on Mar 7, 2024.
             Slain by a gnoll
             ... wielding a +2 spear of flaming
              (4 damage)
             ... on level 3 of the Dungeon.
             The game lasted 00:05:48 (2064 turns).

Malificent the Charlatan (Coglin Artificer)         Turns: 2064, Time: 00:05:49

Health: 0/55       AC: 22    Str: 12    XL:     5   Next: 5%
Magic:  5/5        EV:  2    Int: 15    God:
Gold:   128        SH:  0    Dex: 17    Spells: 4/4 levels left

rFire   . . .        m - +4 whip "Zyfoedor" {vamp, Int+5}
rCold   . . .        g - +2 dagger (venom) {Urai}
rNeg    . . .        b - melded +0 leather armour
rPois   +            (helmet currently unavailable)
rElec   .            (cloak currently unavailable)
rCorr   .            (gloves currently unavailable)
SInv    .            (boots currently unavailable)
Will    .....        (no amulet)
Stlth   ++           (no ring)
HPRegen 0.29/turn    (no ring)
MPRegen 0.09/turn    (no gizmo)

%: no passive effects
@: brilliant, tree-form, attractive, revving
A: stationary, stasis, torment immunity, boosted hp, off-hand wielding, slow
wielding, warmup strikes, (no jewellery)
a: Invent Gizmo


You were on level 3 of the Dungeon.
You were a tree.
You visited 1 branch of the dungeon, and saw 3 of its levels.

You collected 128 gold pieces.

Inventory:

Hand Weapons
 g - a +2 dagger of venom (offhand) {Urai}
 i - a +0 trident {Haeun}
 k - a +1 dagger of venom {Hajoon}
 m - the +4 whip "Zyfoedor" (weapon) {vamp, Int+5}
   (You found it on level 2 of the Dungeon)

   Int+5:     It affects your intelligence (+5).
Armour
 b - a +0 leather armour (melded)
 o - a +0 pair of boots
Wands
 c - a wand of flame (15) (quivered)
 d - a wand of charming (15)
 e - a wand of iceblast (5)
Scrolls
 f - a scroll of identify {unknown}
 h - a scroll of teleportation {unknown}
 j - 2 scrolls of vulnerability
 n - 3 scrolls of poison {unknown}
 p - a scroll of enchant armour {unknown}
 q - a scroll of torment {unknown}
Potions
 l - a potion of attraction
 r - a potion of lignification


   Skills:
 + Level 1.2 Fighting
 + Level 0.5 Short Blades
 + Level 0.3 Maces & Flails
 + Level 1.0 Polearms
 + Level 2.3 Armour
 + Level 1.3 Dodging
 + Level 1.2 Stealth
 * Level 5.8 Evocations


You had 4 spell levels left.
You didn't know any spells.
Your spell library contained the following spells:

 Spells                   Type           Power      Damage    Failure   Level
 Inner Flame              Hex/Fire       0%         N/A       63%         3
 Flame Wave               Conj/Fire      0%         2d4       95%         4
 Sticky Flame             Fire/Alch      0%         2d4       95%         4


Dungeon Overview and Level Annotations

Branches:
Dungeon (3/15)

Altars:
Sif Muna


Innate Abilities, Weirdness & Mutations

You are a tree.
Your roots penetrate the ground, keeping you stationary.
You cannot be teleported.
You are immune to unholy pain and torment.
Your maximum health is greatly increased.
Your equipment is partially melded.
You can wield a second weapon in your off-hand.
It takes a long time for you to wield or remove held weapons.
Your first few attacks do less damage.
((You cannot equip rings or amulets.))


Message History

You kill the ball python!
Found a hand axe.
Found a hand axe.
Found a hand axe.
A gnoll comes into view. It is wielding a +0 spear.
The gnoll shouts!
A gnoll breaks down the door.
A gnoll sergeant comes into view. It is wielding a +0 spear.
Found the +5 woodcutter's axe.
The gnoll sergeant shouts!
The gnoll hits you with a +0 whip.
The gnoll sergeant hits you from afar with a +0 spear!
You completely miss the gnoll with your +2 dagger of venom.
You closely miss the gnoll with the +4 whip "Zyfoedor".
The gnoll closely misses you.
The gnoll sergeant hits you from afar with a +0 spear.
The gnoll shouts!
You hit the gnoll with the +4 whip "Zyfoedor".
The gnoll is heavily wounded.
You hit the gnoll with your +2 dagger of venom.
The gnoll is poisoned.
The gnoll sergeant hits you from afar with a +0 spear!
* * * LOW HITPOINT WARNING * * *
It was a potion of lignification.
You turn into a tree.
Your +0 leather armour melds into your body.
Your roots penetrate the ground.
The gnoll hits you with a +0 whip.
* * * LOW HITPOINT WARNING * * *
The gnoll sergeant hits you from afar with a +0 spear.
* * * LOW HITPOINT WARNING * * *
It was a potion of attraction.
You feel attractive to monsters. The gnoll completely misses you.
The gnoll sergeant hits you from afar with a +0 spear.
* * * LOW HITPOINT WARNING * * *
The gnoll sergeant is attracted toward you.
The gnoll is attracted toward you.
It was a potion of brilliance.
You feel clever all of a sudden.
The gnoll hits you from afar with a +2 spear of flaming.
You die...

....##........#...# ..
....##........#...#
....##........#####
....##.......## ♣♣♣♣
....##......## ♣... ♣
..........###♣♣♣..# ###
.........# ♣♣♣.)..#...#
.........#♣♣....♣.#...##
#+#.............♣ggg.).#
#.#.#.####♣♣)..♣g.#...##
#.#.#.# ♣♣♣....#...#
#.#.#.# ♣♣♣..# ###
#.#.#.# ♣♣).g ♣ #.#.#.#
### ♣♣♣♣ #.#.#.# #.#
#.#.#.#######.#
...<......#...#


You could see a gnoll sergeant and 2 gnolls.

Vanquished Creatures
  A jelly (D:3)
  2 adders (D:2)
  4 dart slugs (D:1)
  3 ribbon worms (D:2)
  An orc (D:2)
  6 endoplasms
  A giant cockroach (D:3)
  4 goblins
  2 hobgoblins
  6 jackals
  5 kobolds
  3 quokkas
  5 ball pythons
  8 bats
  4 frilled lizards
  3 rats
58 creatures vanquished.

Notes
Turn   | Place    | Note
-------+----------+-------------------------------------------
     0 | D:1      | Malificent the Coglin Artificer began the quest for the
                  | Orb.
     0 | D:1      | Reached XP level 1. HP: 15/15 MP: 1/1
   236 | D:1      | Reached XP level 2. HP: 19/21 MP: 2/2
   695 | D:1      | Reached skill level 5 in Evocations
   708 | D:1      | Reached XP level 3. HP: 26/26 MP: 3/3
  1330 | D:2      | Found a shimmering blue altar of Sif Muna.
  1354 | D:2      | Reached skill level 1 in Dodging
  1361 | D:2      | Reached skill level 1 in Stealth
  1361 | D:2      | Reached XP level 4. HP: 14/32 MP: 4/4
  1474 | D:2      | Identified the +4 whip "Zyfoedor" {vamp, Int+5}
  1788 | D:3      | Reached skill level 1 in Polearms
  1927 | D:3      | Reached XP level 5. HP: 37/37 MP: 5/5
  2057 | D:3      | Found the +5 woodcutter's axe
  2064 | D:3      | Slain by a gnoll

Illustrated notes

Levels and vault maps discovered:
D:1:      roderic_dead_forest, layout_basic, palyth_stone_intersect
D:2:      layout_loops_ring, basic_altar
D:3:      layout_basic, st_stairs_12, pf_guarded_unrand_woodcutter, uniq_jessica

Skill      XL: |  1  2  3  4 |
---------------+-------------+-----
Evocations     | 5 |  5.8
Armour         | 2 |  2.3
Dodging        | 1 |  1.3
Stealth        | 1 |  1.2
Polearms       | 1 |  1.0
Fighting       | |  1.2
Short Blades   | |  0.5
Maces & Flails | |  0.3

Action                     |  1- 3 |  4- 6 || total
---------------------------+-------+-------++-------
  Melee: Club              |     6 |       ||     6
         Dagger            |    83 |    34 ||   117
         Trident           |    19 |       ||    19
         Whip              |       |    34 ||    34
    Use: Potion            |     3 |     3 ||     6
         Scroll            |     3 |       ||     3
   Stab: Sleeping          |     1 |       ||     1
 Armour: Leather armour    |    36 |    22 ||    58
         Skin              |       |     4 ||     4
  Dodge: Dodged            |    46 |    23 ||    69

Table legend: (Time is in decaauts)
 A = Elapsed time spent in this place.
 B = Non-inter-level travel time spent in this place.
 C = Inter-level travel time spent in this place.
 D = Time resting spent in this place.
 E = Time spent auto-exploring this place.
 F = Levels seen in this place.
 G = Mean time per level.
                   A        B        C        D        E       F      G
               +--------+--------+--------+--------+--------+-----+--------+
         Total |   2068 |   2027 |     41 |    286 |   1218 |   3 |  689.3 |
       Dungeon |   2068 |   2027 |     41 |    286 |   1218 |   3 |  689.3 |
               +--------+--------+--------+--------+--------+-----+--------+

Top non-repeatable levels by time:
     D:1: 935 daAuts
     D:2: 811 daAuts
     D:3: 321 daAuts
